 Dungeon Crawl Stone Soup version 0.32-a0-876-gcfddb08e57 (webtiles) character file.

Game seed: 13192124371428644526

4207 dcgrp the Arsonist (level 10, -1/88 HPs)
             Began as a Mountain Dwarf Fire Elementalist on Mar 31, 2024.
             Was an Initiate of Cheibriados.
             Slain by a yak (4 damage)
             ... on level 9 of the Dungeon.
             The game lasted 00:29:08 (8929 turns).

dcgrp the Arsonist (MDFE)                           Turns: 8929, Time: 00:29:09

Health: -1/88      AC: 17    Str: 12    XL:     10   Next: 8%
Magic:  9/17       EV: 10    Int: 21    God:    Cheibriados [......]
Gold:   572        SH:  0    Dex: 11    Spells: 14/19 levels left

rFire   . . .        v - +5 rapier of the Dead {protect, rN+ SInv Stlth+}
rCold   . . .        (no shield)
rNeg    + . .        h - +3 leather armour
rPois   +            (no helmet)
rElec   .            s - +2 cloak
rCorr   .            (no gloves)
SInv    +            (no boots)
Will    +....        C - amulet of regeneration
Stlth   ++           k - ring of poison resistance
HPRegen 1.14/turn    (no ring)
MPRegen 0.15/turn

%: no passive effects
@: under a protective aura, very slow
A: runic magic, artefact enchanting
a: Renounce Religion


You were on level 9 of the Dungeon.
You worshipped Cheibriados.
Cheibriados was noncommittal.
You visited 2 branches of the dungeon, and saw 10 of its levels.
You also visited: Ossuary.

You collected 572 gold pieces.

Inventory:

Hand Weapons
 a - a +0 hand axe
 v - the +5 rapier of the Dead (weapon) {protect, rN+ SInv Stlth+}
   (You found it on level 2 of the Dungeon)

   rN+:       It protects you from negative energy.
   SInv:      It lets you see invisible.
   Stlth+:    It makes you more stealthy.
 y - a +0 trident
 E - the +4 flail "Suexy" {speed, rPois rC+}
   (You found it on level 4 of the Dungeon)

   rC+:       It protects you from cold.
   rPois:     It protects you from poison.
   Cheibriados disapproves of the use of such an item.
Missiles
 o - 62 stones
 F - 6 poisoned darts
Armour
 c - a +0 ring mail
 h - a +3 leather armour (worn)
 s - a +2 cloak (worn)
Jewellery
 e - an amulet of magic regeneration
 k - a ring of poison resistance (left hand)
 C - an amulet of regeneration (around neck)
Wands
 K - a wand of mindburst (11)
 L - a wand of digging (1)
 N - a wand of quicksilver (5)
Scrolls
 f - a scroll of immolation {unknown}
 j - 2 scrolls of blinking
 l - a scroll of acquirement {unknown}
 m - 2 scrolls of amnesia
 n - a scroll of fog {unknown}
 t - a scroll of teleportation
 u - a scroll of enchant weapon {unknown}
 A - a scroll of vulnerability {unknown}
 D - a scroll of silence {unknown}
 H - a scroll of noise {unknown}
Potions
 b - 2 potions of magic
 d - 4 potions of curing
 g - a potion of brilliance
 i - 4 potions of haste
 p - 2 potions of heal wounds
 q - 2 potions of might
 r - 2 potions of invisibility
 w - a potion of mutation {unknown}
 z - 2 potions of enlightenment {unknown}
 B - 3 potions of attraction
 G - 2 potions of lignification
 I - a potion of berserk rage {unknown}
 M - a potion of degeneration {unknown}
 O - a potion of cancellation {unknown}


   Skills:
 - Level 8.0 Fighting
 - Level 7.0 Armour
 - Level 1.3 Dodging
 - Level 1.4 Stealth
 - Level 5.0 Spellcasting
 + Level 5.4 Conjurations
 + Level 9.4 Fire Magic


You had 14 spell levels left.
You knew the following spells:

 Your Spells              Type           Power      Damage    Failure   Level
a - Foxfire               Conj/Fire      100%       2x1d9     1%          1
b - Flame Wave            Conj/Fire      36%        2d10      5%          4

Your spell library contained the following spells:

 Spells                   Type           Power      Damage    Failure   Level
 Scorch                   Fire           88%        2d8       1%          2
 Inner Flame              Hex/Fire       25%        N/A       4%          3
 Volatile Blastmotes      Fire/Tloc      50%        2d14      4%          3
 Animate Armour           Summ/Erth      10%        N/A       73%         4
 Summon Lightning Spire   Summ/Air       5%         N/A       73%         4
 Lee's Rapid Deconstruct  Erth           2%         3d5*      97%         5


Dungeon Overview and Level Annotations

Branches:
Dungeon (9/15)             Temple (1/1) D:7         Ossuary (visited)
   Lair: D:8-11         Orc: D:9-12

Altars:
Cheibriados
Dithmenos
Elyvilon
Fedhas
Gozag
Kikubaaqudgha
Makhleb
Nemelex Xobeh
Okawaru
Qazlal
Ru
Sif Muna
Trog
Uskayaw
Vehumet
Wu Jian
Yredelemnul
Zin
The Shining One

Shops:
D:2 =   D:3 =


Innate Abilities, Weirdness & Mutations

Your spellcasting is much less encumbered by armour.
You can use scrolls of enchantment on lesser artefacts.


Message History

Casting: Foxfire (safe; 1% risk of failure)
Confirm with . or Enter, or press ? or * to list all spells.
You conjure some foxfire!
The yak gores you but does no damage.
You hit the yak but do no damage.
Your weapon exudes an aura of protection.
The yak is moderately wounded.
Your surroundings suddenly seem different.
The yak barely misses you.
Casting: Foxfire (safe; 1% risk of failure)
Confirm with . or Enter, or press ? or * to list all spells.
You conjure some foxfire!
The yak barely misses you.
The foxfire hits the yak but does no damage.
The yak is heavily wounded.
Aiming: Paralyse
Press: ? - help, Shift-Dir - straight line, f - yak
Aim: a yak (heavily wounded, chance to affect: 49%)
The yak resists with some effort.
The yak gores you!
* * * LOW HITPOINT WARNING * * *
Aiming: Paralyse
Press: ? - help, Shift-Dir - straight line, f/p - yak
Aim: a yak (heavily wounded, chance to affect: 49%)
The yak resists with some effort.
The yak gores you but does no damage. The yak misses you.
Aiming: Paralyse
Press: ? - help, Shift-Dir - straight line, f/p - yak
Aim: a yak (heavily wounded, chance to affect: 49%)
The yak resists with some effort.
The yak gores you but does no damage. x2
Aiming: Paralyse
Press: ? - help, Shift-Dir - straight line, f/p - yak
Aim: a yak (heavily wounded, chance to affect: 49%)
The yak suddenly stops moving!
The now-empty wand crumbles to dust.
The yak closely misses you.
You puncture the yak!
Your weapon exudes an aura of protection.
The yak is moderately wounded.
The yak gores you!
* * * LOW HITPOINT WARNING * * *
The yak gores you.
You die...
Cheibriados appreciates the motionlessness of death.

#####)### ##.#######
#.......# ###........#
#.......# ##v.......).#
........###..#........#
#..........v##........#
#.......######........#
#.......# #..Y.....#
##.###### ###Y###### #.
#@# # #Y## ####+####
#..## #........ ##..###
#........ ##...#
##........ ###.#
.#........ #......#
.'........ #......#
##........ ........#


You could see 3 yaks.

Vanquished Creatures
  A yak (D:9)
  A wyvern (D:9)
  A steam dragon (D:8)
  4 water moccasins
  A black bear (D:6)
  4 ice beasts
  2 sky beasts
  2 ogres
  3 centaurs
  A phantom (D:5)
  A kobold brigand (D:7)
  2 bullfrogs (D:8)
  3 scorpions
  13 wights
  3 howler monkeys (D:7)
  4 bombardier beetles
  3 centaur zombies (Ossuary)
  A hound (D:5)
  4 jellies
  3 orc priests
  2 gnoll boudas
  6 orc wizards
  8 iguanas
  A scorpion zombie (Ossuary)
  An ogre zombie (Ossuary)
  3 gnolls (D:7)
  4 adders
  A white imp (D:3)
  2 adder zombies (Ossuary)
  2 dart slugs
  A ribbon worm (D:4)
  21 orcs
  5 endoplasms
  4 giant cockroaches
  2 gnoll zombies (Ossuary)
  11 goblins
  4 hobgoblins
  16 kobolds
  4 quokkas
  8 ball pythons
  2 bats
  A frilled lizard (D:3)
  2 goblin zombies (Ossuary)
  5 hobgoblin zombies (Ossuary)
  2 orc zombies (Ossuary)
  5 rats
180 creatures vanquished.

Vanquished Creatures (others)
  857 foxfires
857 creatures vanquished.

Grand Total: 1037 creatures vanquished

Notes
Turn   | Place    | Note
-------+----------+-------------------------------------------
     0 | D:1      | dcgrp the Mountain Dwarf Fire Elementalist began the quest
                  | for the Orb.
     0 | D:1      | Reached XP level 1. HP: 14/14 MP: 3/3
   146 | D:1      | Reached skill level 1 in Fighting
   227 | D:1      | Reached XP level 2. HP: 24/24 MP: 0/4
  1128 | D:2      | Found a bloodstained altar of Trog.
  1134 | D:2      | Found Torery's Jewellery Shop.
  1206 | D:2      | You fall into a shaft and drop 1 floor!
  1211 | D:3      | Reached skill level 1 in Armour
  1215 | D:3      | Reached XP level 3. HP: 29/29 MP: 0/6
  1237 | D:3      | Reached skill level 4 in Fire Magic
  1622 | D:2      | Reached XP level 4. HP: 36/36 MP: 4/7
  1838 | D:2      | Identified the +5 rapier of the Dead {protect, rN+ SInv
                  | Stlth+}
  2100 | D:3      | Noticed a centaur
  2145 | D:3      | Killed a centaur
  2146 | D:3      | Reached skill level 5 in Fire Magic
  2146 | D:3      | Reached XP level 5. HP: 19/41 MP: 3/9
  2311 | D:3      | Found a glowing golden altar of the Shining One.
  2375 | D:3      | Reached skill level 1 in Conjurations
  2652 | D:3      | Found Ves Emal's Jewellery Shoppe.
  2819 | D:3      | Found a radiant altar of Vehumet.
  3194 | D:4      | Reached XP level 6. HP: 50/50 MP: 7/10
  3644 | D:4      | Identified the +4 flail "Suexy" {speed, rPois rC+}
  3927 | D:5      | Entered Level 5 of the Dungeon
  3933 | D:5      | Reached skill level 5 in Fighting
  4030 | D:5      | Reached XP level 7. HP: 58/61 MP: 7/11
  4114 | D:5      | Reached skill level 6 in Fire Magic
  4304 | D:5      | Reached skill level 7 in Fire Magic
  4411 | D:5      | Noticed a two-headed ogre
  4647 | D:5      | Reached skill level 8 in Fire Magic
  4652 | D:5      | Learned a level 4 spell: Flame Wave
  4756 | D:5      | Reached XP level 8. HP: 68/68 MP: 8/13
  5391 | D:6      | Found a white marble altar of Elyvilon.
  6162 | D:7      | Reached XP level 9. HP: 35/62 MP: 10/15
  6220 | D:7      | Found a sand-covered staircase.
  6247 | Ossuary  | Entered an ossuary
  6696 | Ossuary  | Reached skill level 5 in Conjurations
  6780 | Ossuary  | Reached skill level 9 in Fire Magic
  6783 | Ossuary  | Reached skill level 5 in Spellcasting
  6940 | Ossuary  | Noticed a silent spectre
  7641 | D:7      | Found a staircase to the Ecumenical Temple.
  7647 | Temple   | Entered the Ecumenical Temple
  7867 | D:7      | Reached skill level 5 in Armour
  8306 | D:8      | Found a sacrificial altar of Ru.
  8307 | D:8      | Found a snail-covered altar of Cheibriados.
  8311 | D:8      | Became a worshipper of Cheibriados the Contemplative
  8313 | D:8      | Found a burning altar of Makhleb.
  8314 | D:8      | Found a hide-covered altar of Uskayaw.
  8315 | D:8      | Found a blossoming altar of Fedhas.
  8686 | D:9      | Reached XP level 10. HP: 88/88 MP: 11/17
  8929 | D:9      | HP: 3/88 [yak (12)]
  8929 | D:9      | Slain by a yak

Illustrated notes

Levels and vault maps discovered:
D:1:      psy_arrival_dodecagon, layout_basic, minmay_tripent
D:2:      layout_loops_ring, serial_shops, shop_statue, basic_altar,
          minmay_diced_spiral
D:3:      layout_loops_ring, mainiacjoe_overflow_alcove_4, tso_metal_star,
          serial_shops, nicolae_shop_tiny_waterfront, corexii_corridor_pit,
          minmay_misc_feat_iff
D:4:      layout_rooms
D:5:      minmay_opposing_rooms, layout_basic, nicolae_houndstooth_variations
D:6:      layout_loops_corners, mainiacjoe_overflow_tiny_flanked
D:7:      layout_rooms, minmay_temple_entry_arrows, nicolae_ossuary_entry_plus
D:8:      layout_cave_pools, minitemple
D:9:      layout_roguey, kennysheep_mini_moat
Temple:   hellmonk_temple_beads

Skill      XL: |  1  2  3  4  5  6  7  8  9 |
---------------+----------------------------+-----
Fighting       | 1 2 5 6 8 |  8.0
Armour         | 1 2 3 4 7 |  7.0
Spellcasting   | 2 3 4 5 |  5.0
Fire Magic     | 4 5 8 9 |  9.4
Conjurations   | 1 2 4 5 |  5.4
Dodging        | |  1.3
Stealth        | |  1.4

Action                     |  1- 3 |  4- 6 |  7- 9 | 10-12 || total
---------------------------+-------+-------+-------+-------++-------
  Melee: Hand axe          |    32 |     8 |       |       ||    40
         Rapier            |       |    20 |    70 |    35 ||   125
         Flail             |       |     4 |    59 |       ||    63
  Throw: Stone             |     3 |       |       |       ||     3
         Dart              |       |     1 |     2 |       ||     3
   Cast: Foxfire           |    55 |   102 |   326 |    21 ||   504
  Evoke: Wand              |       |       |       |     4 ||     4
    Use: Scroll            |       |       |    14 |     5 ||    19
         Potion            |       |       |       |     1 ||     1
   Stab: Sleeping          |       |     1 |       |       ||     1
 Armour: Ring mail         |    40 |    59 |    63 |       ||   162
         Leather armour    |       |       |   129 |    63 ||   192
  Dodge: Dodged            |    15 |    31 |   129 |    36 ||   211

Table legend: (Time is in decaauts)
 A = Elapsed time spent in this place.
 B = Non-inter-level travel time spent in this place.
 C = Inter-level travel time spent in this place.
 D = Time resting spent in this place.
 E = Time spent auto-exploring this place.
 F = Levels seen in this place.
 G = Mean time per level.
                   A        B        C        D        E       F      G
               +--------+--------+--------+--------+--------+-----+--------+
         Total |   9070 |   8622 |    448 |      0 |   6533 |  11 |  824.5 |
       Dungeon |   8327 |   7879 |    448 |      0 |   6001 |   9 |  925.2 |
        Temple |      1 |      1 |      0 |      0 |      0 |   1 |    1.0 |
       Ossuary |    741 |    741 |      0 |      0 |    532 |   1 |  741.0 |
               +--------+--------+--------+--------+--------+-----+--------+

Top non-repeatable levels by time:
     D:6: 1324 daAuts
     D:3: 1255 daAuts
     D:1: 1115 daAuts
     D:5: 1072 daAuts
     D:7: 936 daAuts
     D:4: 898 daAuts
 Ossuary: 741 daAuts
     D:2: 735 daAuts
     D:8: 665 daAuts
     D:9: 324 daAuts
  Temple: 1 daAuts
